 Dungeon Crawl Stone Soup version 0.27-a0-1365-ge71e8f7681 (webtiles) character file.

Game seed: 11070212944429851302

3837 Conn the Arsonist (level 10, -10/60 HPs)
             Began as an Octopode Fire Elementalist on June 28, 2021.
             Was a Believer of Sif Muna.
             Mangled by a boulder beetle (32 damage)
             ... on level 8 of the Dungeon.
             The game lasted 00:34:52 (15170 turns).

Conn the Arsonist (Octopode Fire Elementalist)     Turns: 15170, Time: 00:34:54

Health: -10/60     AC:  1    Str:  8    XL:     10   Next: 18%
Magic:  6/20       EV: 15    Int: 21    God:    Sif Muna [**....]
Gold:   480        SH:  0    Dex: 18    Spells: 6/22 levels left

rFire    + . .     SeeInvis .   m - +4 dagger (drain)
rCold    . . .     Faith    .   (no shield)
rNeg     . . .     Spirit   .   (helmet restricted)
rPois    .         Reflect  .   q - amulet of the acrobat
rElec    .         Harm     .   g - ring of flight
rCorr    .         Rampage  .   j - ring of protection from fire
Will     .....                  y - +6 ring of dexterity
Stlth    ++++......             z - ring of wizardry
HPRegen  0.20/turn              (no ring)
MPRegen  0.17/turn              (no ring)
                                (no ring)
                                (no ring)

@: channeling, flying, very slightly contaminated
A: almost no armour, amphibious, 8 rings, camouflage 1, gelatinous body 1,
(nimble swimmer 1), tentacles
a: Renounce Religion, Channel Magic


You were on level 8 of the Dungeon.
You worshipped Sif Muna.
Sif Muna was pleased with you.
You visited 1 branch of the dungeon, and saw 8 of its levels.

You collected 480 gold pieces.

Inventory:

Hand Weapons
 d - a +0 dagger
 f - a +2 quarterstaff of chaos
 h - a +0 short sword of freezing
 m - a +4 dagger of draining (weapon)
 n - a +0 mace of protection
Missiles
 s - 23 poisoned darts
 A - a throwing net
Jewellery
 g - a ring of flight (left tentacle)
 j - a ring of protection from fire (right tentacle)
 q - an amulet of the acrobat (around mantle)
 y - a +6 ring of dexterity (on tentacle)
 z - a ring of wizardry (on tentacle)
Wands
 o - a wand of polymorph (20)
 u - a wand of mindburst (13)
 w - a wand of acid (8)
Scrolls
 a - 5 scrolls of identify
 b - 2 scrolls of immolation
 c - 4 scrolls of teleportation
 i - 2 scrolls of blinking
 l - a scroll of vulnerability
 p - a scroll of amnesia
 r - a scroll of fear
 t - a scroll of fog
 v - a scroll of summoning
Potions
 e - a potion of haste
 x - a potion of curing


   Skills:
 + Level 2.0 Fighting
 + Level 2.2 Short Blades
 + Level 0.5 Staves
 + Level 3.7 Dodging
 + Level 5.6 Stealth
 + Level 6.7 Spellcasting
 + Level 5.6 Conjurations
 * Level 8.7 Fire Magic
 - Level 5.0 Invocations
 + Level 0.1 Evocations


You had 6 spell levels left.
You knew the following spells:

 Your Spells              Type           Power      Damage    Failure   Level
a - Foxfire               Conj/Fire      100%       2x1d9     1%          1
b - Conjure Flame         Conj/Fire      37%        6-21      1%          3
c - Inner Flame           Hex/Fire       25%        N/A       1%          3
d - Sticky Flame          Conj/Fire      37%        2d6       1%          4
e - Fireball              Conj/Fire      18%        3d9       5%          5

Your spell library contained the following spells:

 Spells                   Type           Power      Damage    Failure   Level
 Animate Skeleton         Necr           14%        N/A       3%          1
 Pain                     Necr           28%        1d5       3%          1
 Vampiric Draining        Necr           3%         2d6       11%         3
 Animate Dead             Necr           3%         N/A       32%         4
 Agony                    Necr           7%         N/A       65%         5


Dungeon Overview and Level Annotations

Branches:
Dungeon (8/15)             Temple (0/1) D:6
   Lair: D:8-11

Altars:
Dithmenos
Elyvilon
Nemelex Xobeh
Okawaru
Sif Muna
Trog
Zin

Annotations:
D:5 fly's ghost, weakling HuDe
D:7 Thargor's ghost, novice DjFE


Innate Abilities, Weirdness & Mutations

You cannot wear most types of armour.
You are amphibious.
You can wear up to eight rings at the same time.
Your skin changes colour to match your surroundings (Stealth+).
Your rubbery body absorbs attacks. (AC +1, EV +1)
((You are camouflaged near water. (Stealth+)))
You have tentacles for arms and can constrict up to eight enemies at once.


Message History

a +0 club; an orc corpse You see here a +0 short sword of freezing.
h - a +0 short sword of freezing Your magical contamination has completely faded away.
Okay, then.
Okay, then.
Things that are here:
a +0 whip; a +1 leather armour of cold resistance; an orc corpse
Found a hand axe and 7 arrows.
Casting: Foxfire (safe; 1% risk of failure)
Confirm with . or Enter, or press ? or * to list all spells.
Aiming: Fireball (dangerous; 5% risk of failure)
Press: ? - help, Shift-Dir - straight line, f/p - boulder beetle
Aim: a boulder beetle (severely wounded, wandering, hasn't noticed you)
You miscast Fireball.
You are very lightly contaminated with residual magic.
The air around you burns with energy. You resist.
The boulder beetle curls into a ball and begins rolling!
Unknown command.
Aiming: Mindburst
Press: ? - help, Shift-Dir - straight line, f/p - boulder beetle
Aim: a boulder beetle (severely wounded, rolling, chance to affect: 48%)
Okay, then.
Aiming: Corrosive Bolt
Press: ? - help, Shift-Dir - straight line, f/p - boulder beetle
Aim: a boulder beetle (severely wounded, rolling, 100% to hit)
The bolt of acid hits the boulder beetle.
The boulder beetle is splashed with acid.
The acid corrodes the boulder beetle!
The boulder beetle is severely wounded.
Casting: Fireball (dangerous; 5% risk of failure)
Confirm with . or Enter, or press ? or * to list all spells.
Aiming: Fireball (dangerous; 5% risk of failure)
Press: ? - help, Shift-Dir - straight line, p - boulder beetle The fireball explodes!
The fireball engulfs the boulder beetle.
The boulder beetle is severely wounded.
The boulder beetle hits you!!
Ouch! That really hurt!
You die...

..##...#...................#
..######...................#
..#..(..)..................#
..#.....)..................#
..#.....###+####+#.. ...
..#...))# ..... ###.....#
...).
..#.....##+#####+#°.....
..#.............@B......
(.#........)............
..#.....................
###..(..................
####+####+######......
...... ...... ..(... ###


You could see a boulder beetle (rolling, corroded).

Vanquished Creatures
  Maurice (D:8)
  A yak (D:5)
  Eustachio (D:6)
  An acid dragon (D:8)
  A water moccasin (D:8)
  4 orc warriors
  An ice beast (D:7)
  3 sky beasts
  2 necrophages (D:7)
  A hornet zombie (D:7)
  An ogre (D:6)
  2 phantoms
  A kobold brigand (D:7)
  A bullfrog (D:7)
  A wyvern zombie (D:7)
  A scorpion (D:6)
  2 water moccasin zombies
  A water moccasin skeleton (D:5)
  2 howler monkeys
  4 centaur skeletons
  A centaur zombie (D:6)
  3 hounds
  Crazy Yiuf (D:2)
  8 orc priests
  3 bullfrog skeletons
  2 jellies
  A gnoll shaman (D:8)
  4 iguanas
  Jessica (D:2)
  A scorpion zombie (D:5)
  4 orc wizards
  A killer bee zombie (D:6)
  2 howler monkey zombies
  11 gnolls
  7 adders
  A white imp (D:7)
  2 ufetubi
  An adder skeleton (D:5)
  A worm (D:3)
  3 dart slugs
  29 orcs
  11 ball pythons
  7 bats
  6 endoplasms
  3 giant cockroaches
  7 goblins
  10 hobgoblins
  5 jackals (D:2)
  8 kobolds
  4 quokkas
  3 frilled lizards
  7 rats
190 creatures vanquished.

Vanquished Creatures (others)
  776 foxfires
776 creatures vanquished.

Grand Total: 966 creatures vanquished

Notes
Turn   | Place    | Note
-------+----------+-------------------------------------------
     0 | D:1      | Conn the Octopode Fire Elementalist began the quest for the
                  | Orb.
     0 | D:1      | Reached XP level 1. HP: 11/11 MP: 3/3
   194 | D:1      | Reached XP level 2. HP: 17/17 MP: 1/5
   733 | D:1      | Reached XP level 3. HP: 21/21 MP: 2/6
   737 | D:1      | Learned a level 3 spell: Conjure Flame
   881 | D:1      | Found a faded altar of an unknown god.
  1727 | D:2      | Noticed Jessica
  1794 | D:1      | Learned a level 3 spell: Inner Flame
  2837 | D:2      | Found a runed translucent door.
  2838 | D:2      | Noticed Crazy Yiuf
  3042 | D:2      | Killed Crazy Yiuf
  3043 | D:2      | Reached skill level 4 in Fire Magic
  3043 | D:2      | Reached XP level 4. HP: 10/27 MP: 1/8
  3895 | D:2      | Killed Jessica
  3896 | D:2      | Reached XP level 5. HP: 23/31 MP: 5/9
  4147 | D:3      | Found a shimmering blue altar of Sif Muna.
  4158 | D:3      | Became a worshipper of Sif Muna the Loreminder
  4758 | D:3      | Reached XP level 6. HP: 36/36 MP: 7/11
  5605 | D:4      | Reached skill level 1 in Invocations
  5932 | D:4      | Reached * piety under Sif Muna
  6079 | D:4      | Reached skill level 5 in Fire Magic
  6085 | D:4      | Reached XP level 7. HP: 27/42 MP: 3/12
  6511 | D:4      | Found a shadowy altar of Dithmenos.
  6721 | D:5      | Entered Level 5 of the Dungeon
  6873 | D:5      | Reached skill level 1 in Short Blades
  6976 | D:5      | Found a runed translucent door.
  6977 | D:5      | Noticed a yak
  6979 | D:5      | Noticed fly's ghost (weakling HuDe)
  8222 | D:5      | Reached XP level 8. HP: 47/47 MP: 3/15
  8566 | D:5      | Learned a level 4 spell: Sticky Flame
  8572 | D:5      | Learned a level 5 spell: Fireball
  8660 | D:5      | Killed a yak
  9309 | D:6      | Reached skill level 5 in Spellcasting
  9309 | D:6      | Reached skill level 6 in Fire Magic
  9596 | D:6      | Noticed Eustachio
  9927 | D:6      | Killed Eustachio
  9928 | D:6      | Reached skill level 1 in Fighting
 10193 | D:6      | Found a staircase to the Ecumenical Temple.
 10263 | D:6      | Reached XP level 9. HP: 48/53 MP: 12/17
 10754 | D:6      | Reached ** piety under Sif Muna
 10762 | D:6      | Reached skill level 7 in Fire Magic
 10924 | D:7      | Found a bloodstained altar of Trog.
 11114 | D:7      | Reached skill level 5 in Invocations
 11408 | D:7      | Found a sparkling altar of Nemelex Xobeh.
 12181 | D:7      | Noticed Thargor's ghost (novice DjFE)
 12185 | D:7      | Found a transporter.
 12203 | D:7      | Found a transporter.
 12213 | D:7      | Reached skill level 5 in Conjurations
 13509 | D:8      | Found a white marble altar of Elyvilon.
 13509 | D:8      | Found an iron altar of Okawaru.
 13656 | D:8      | Reached skill level 8 in Fire Magic
 14120 | D:8      | Noticed a boulder beetle
 14416 | D:7      | Reached XP level 10. HP: 33/60 MP: 12/19
 14649 | D:8      | Noticed Maurice
 14661 | D:8      | Killed Maurice
 14662 | D:8      | Reached skill level 5 in Stealth
 15043 | D:8      | Found a glowing silver altar of Zin.
 15170 | D:8      | Mangled by a boulder beetle

Illustrated notes

Levels and vault maps discovered:
D:1:      dpeg_arrival_pond, layout_basic, shapermc_ecumenical_altar_venn
D:2:      layout_basic, serial_curves, eino_curves_03, eino_curves_04,
          uniq_crazy_yiuf_cottage, uniq_jessica
D:3:      layout_loops_ring, nicolae_overflow_crystal_walls, minmay_diced_spiral
D:4:      layout_gridville, grunt_dithmenos_smoke_and_mirrors,
          minmay_door_square
D:5:      layout_layer_cave, ebering_ghost_inner_flame, minmay_strange_pillars,
          kennysheep_generic_room_11
D:6:      minmay_spotlight, layout_loops_ring, minmay_temple_entry_overgrown,
          grunt_ministairs_3, uniq_eustachio
D:7:      layout_basic, nemelex_altar_shiori, lemuel_round_altar,
          gammafunk_ghost_arena
D:8:      layout_gridville, zin_scriptorium, nicolae_overflow_hidden_temple,
          jmf_multi_god_temple, uniq_maurice

Skill      XL: |  1  2  3  4  5  6  7  8  9 10 |
---------------+-------------------------------+-----
Stealth        | 3 4 5 |  5.6
Fire Magic     | 4 5 6 8 |  8.7
Conjurations   | 2 3 4 5 |  5.6
Spellcasting   | 3 4 5 6 |  6.7
Invocations    | 1 2 4 5 |  5.0
Short Blades   | 1 2 |  2.2
Fighting       | 1 2 |  2.0
Dodging        | 3 |  3.7
Staves         | |  0.5
Evocations     | |  0.1

Action                   |  1- 3 |  4- 6 |  7- 9 | 10-12 || total
-------------------------+-------+-------+-------+-------++-------
Melee: Dagger            |     2 |    19 |    94 |     3 ||   118
       Constrict         |     1 |     6 |    16 |     1 ||    24
       Tentacles         |     1 |     3 |    15 |     1 ||    20
       Quarterstaff      |       |     3 |       |       ||     3
 Cast: Foxfire           |    88 |   132 |   228 |     4 ||   452
       Conjure Flame     |     4 |     1 |    10 |     1 ||    16
       Sticky Flame      |       |       |    11 |     3 ||    14
       Fireball          |       |       |     1 |    15 ||    16
       Inner Flame       |       |       |       |     1 ||     1
Invok: Channel Magic     |       |       |       |     3 ||     3
Evoke: Wand              |       |     2 |       |     3 ||     5
  Use: Potion            |     2 |       |     3 |     2 ||     7
       Scroll            |       |     3 |     5 |     3 ||    11
 Stab: Sleeping          |       |     1 |     4 |       ||     5
Armor: Skin              |     4 |     4 |    13 |       ||    21
Dodge: Dodged            |    14 |    39 |   153 |     5 ||   211

Table legend: (Time is in decaauts)
 A = Elapsed time spent in this place.
 B = Non-inter-level travel time spent in this place.
 C = Inter-level travel time spent in this place.
 D = Time resting spent in this place.
 E = Time spent auto-exploring this place.
 F = Levels seen in this place.
 G = Mean time per level.
                   A        B        C        D        E       F      G
               +--------+--------+--------+--------+--------+-----+--------+
         Total |  15157 |  14934 |    223 |   3318 |   8197 |   8 | 1894.6 |
       Dungeon |  15157 |  14934 |    223 |   3318 |   8197 |   8 | 1894.6 |
               +--------+--------+--------+--------+--------+-----+--------+

Top non-repeatable levels by time:
     D:5: 2755 daAuts
     D:2: 2377 daAuts
     D:6: 2218 daAuts
     D:7: 2051 daAuts
     D:1: 1772 daAuts
     D:8: 1419 daAuts
     D:3: 1359 daAuts
     D:4: 1204 daAuts
